Map: Rorschach LE

Players

RipNHammer

  • Race: Terran Terran
  • League: Master
  • Spawn Location: 5:00

dubidubab - Winner!

  • Race: Terran Terran
  • Spawn Location: 7:00

VOD

Have the link to the VOD?

Description

Time

  • Played on: Sept. 6, 2026, 7:34 p.m.
  • Length: 19:14
Show
View Real Time Build Order
Export as new Build Order

RipNHammer Terran 

Build Orders: Mech 

Get SALT Encoding   

  8  0:00  SCV  
  9  0:12  SCV  
  10  0:24  SCV  
  11  0:36  SCV  
  11  0:41  Supply Depot  
  12  0:49  SCV  
  13  1:02  SCV  
  13  1:03  Barracks  
  14  1:08  Refinery  
  14  1:14  SCV  
  14  1:18  Refinery  
  15  1:26  SCV  
  16  1:38  SCV  
  17  1:50  Reaper  
  17  1:51  Orbital Command  
  18  2:08  Factory  
  18  2:18  SCV  
  19  2:25  Reaper  
  19  2:27  Supply Depot  
  20  2:34  SCV  
  20  2:46  SCV  
  21  2:53  Hellion  
  23  2:58  Command Center  
  23  3:07  SCV  
  24  3:22  SCV  
  24  3:26  Supply Depot, Factory Tech Lab  
  25  3:28  Starport  
  25  3:35  SCV  
  26  3:45  Barracks Reactor  
  26  3:47  SCV  
  26  3:48  Cyclone  
  29  3:59  SCV  
  30  4:04  Starport Tech Lab  
  30  4:11  SCV  
  30  4:12  Orbital Command  
  31  4:23  SCV, Marine x2  
  34  4:28  Raven, Interference Matrix  
  36  4:35  SCV  
  37  4:39  SCV  
  37  4:40  Refinery  
  37  4:43  Refinery  
  37  4:44  Marine x2  
  40  4:47  SCV  
  41  4:53  Siege Tank  
  41  4:56  SCV  
  45  5:06  Raven  
  47  5:10  SCV  
  47  5:11  SCV  
  49  5:14  Supply Depot  
  49  5:18  Marine  
  50  5:24  Supply Depot  
  50  5:35  Marine  
  50  5:36  SCV, Siege Tank, Marine  
  50  5:41  Supply Depot  
  57  5:46  Raven  
  57  5:47  SCV  
  59  5:53  Marine  
  59  5:54  SCV  
  61  5:59  SCV  
  62  6:06  SCV, Command Center  
  64  6:11  SCV  
  64  6:13  Siege Tank  
  64  6:14  Supply Depot  
  67  6:23  Raven  
  67  6:24  SCV x2  
  71  6:36  Factory, SCV  
  72  6:53  Siege Tank  
  70  7:02  SCV x2  
  74  7:19  Orbital Command  
  69  7:24  Factory  
  69  7:26  SCV x2, Factory  
  71  7:37  Siege Tank  
  71  7:38  Cyclone  
  71  7:39  Viking x2  
  71  7:40  SCV  
  71  7:41  SCV  
  71  7:43  Supply Depot  
  83  7:48  SCV  
  83  7:50  Supply Depot  
  84  8:01  Orbital Command  
  84  8:02  SCV  
  84  8:05  Supply Depot, SCV  
  85  8:09  Refinery  
  85  8:12  Viking  
  85  8:13  Viking, Refinery  
  85  8:14  SCV  
  85  8:17  SCV  
  91  8:27  SCV, Factory Tech Lab, Factory Reactor  
  91  8:28  Engineering Bay, Infernal Pre-Igniter  
  91  8:29  Mag-Field Accelerator, SCV  
  91  8:31  Siege Tank  
  91  8:33  SCV  
  96  8:39  SCV  
  87  8:54  Cyclone, Siege Tank  
  77  8:55  Viking  
  77  8:59  SCV x2  
  76  9:03  Hellion  
  76  9:08  Hellion x2  
  80  9:11  SCV  
  80  9:15  SCV  
  76  9:23  SCV  
  77  9:25  Hellion  
  70  9:34  Viking x2  
  70  9:35  SCV  
  74  9:41  SCV  
  75  9:47  SCV, Command Center  
  75  9:51  Siege Tank  
  79  9:56  SCV  
  80  10:03  SCV  
  80  10:05  Cyclone, Hellion  
  86  10:08  Viking x2  
  86  10:10  SCV  
  86  10:13  Supply Depot  
  91  10:19  Siege Tank  
  91  10:20  SCV  
  95  10:24  Supply Depot  
  95  10:25  Supply Depot  
  95  10:27  Missile Turret  
  95  10:28  Missile Turret  
  95  10:30  Missile Turret, Siege Tank  
  95  10:31  Hellion x2  
  102  10:38  Viking x2  
  102  10:39  SCV  
  102  10:42  SCV  
  108  10:49  Missile Turret  
  108  10:51  Missile Turret  
  108  10:54  Cyclone, Siege Tank  
  108  10:55  Hellion  
  116  11:01  Armory  
  116  11:02  Siege Tank  
  119  11:07  Hellion  
  121  11:12  Viking  
  121  11:17  Liberator  
  126  11:26  Siege Tank  
  127  11:38  Siege Tank  
  127  11:39  Hellion  
  132  11:40  Orbital Command  
  132  11:42  Supply Depot, Command Center  
  132  11:44  SCV x2  
  134  12:07  Liberator  
  131  12:13  Cyclone, Siege Tank, Hellion  
  139  12:16  Cyclone  
  142  12:25  SCV  
  142  12:27  Orbital Command  
  143  12:33  Refinery  
  143  12:37  Refinery  
  109  12:53  SCV x3  
  109  12:55  Cyclone x2, Siege Tank  
  113  12:58  SCV  
  113  13:05  SCV x3  
  117  13:06  Hellion  
  117  13:08  Missile Turret  
  117  13:10  SCV  
  120  13:17  SCV x3  
  123  13:24  Hellion, SCV  
  126  13:27  Cyclone, Siege Tank  
  126  13:29  SCV x2  
  126  13:30  Hellion  
  136  13:36  Siege Tank  
  139  13:41  SCV x2  
  139  13:48  Supply Depot  
  141  13:49  Supply Depot  
  141  13:52  Missile Turret  
  141  13:54  Armory  
  143  13:55  Hellion  
  143  14:10  SCV x2  
  143  14:12  SCV  
  143  14:13  SCV  
  147  14:22  Missile Turret  
  147  14:29  Cyclone  
  147  14:30  Siege Tank  
  150  14:35  Cyclone  
  150  14:36  Hellion  
  143  14:49  Hellion  
  103  14:57  Hellion  
  96  15:01  Siege Tank  
  96  15:02  Cyclone  
  98  15:07  Siege Tank  
  98  15:09  Orbital Command  
  101  15:24  Refinery  
  101  15:32  SCV x2  
  101  15:33  Cyclone  
  101  15:34  Cyclone  
  109  15:40  Cyclone  
  109  15:41  Hellion  
  108  15:55  Hellion  
  106  16:00  Missile Turret  
  106  16:02  Missile Turret  
  103  16:06  Siege Tank, Cyclone  
  109  16:13  Starport  
  109  16:17  Refinery  
  109  16:39  Cyclone, Siege Tank  
  109  16:40  Hellion  
  109  16:41  Siege Tank  
  112  16:54  SCV  
  112  16:55  SCV  
  112  16:59  Sensor Tower  
  112  17:01  Starport Reactor  
  114  17:14  Cyclone, Siege Tank  
  120  17:16  Refinery  
  120  17:21  Refinery  
  120  17:23  SCV  
  120  17:24  Missile Turret  
  120  17:25  SCV  
  120  17:27  Missile Turret  
  122  17:37  Missile Turret  
  106  17:54  Cyclone, Siege Tank  
  106  17:55  Hellion  
  106  17:56  Liberator  
  117  18:02  SCV  
  115  18:21  Cyclone  
  115  18:26  Siege Tank  
  115  18:32  Cyclone  
Show
View Real Time Build Order
Export as new Build Order

dubidubab Terran - Winner!

Build Orders:  

Get SALT Encoding   

  8  0:00  SCV  
  9  0:12  SCV  
  10  0:24  SCV  
  11  0:36  SCV  
  11  0:40  Supply Depot  
  12  0:48  SCV  
  13  1:02  SCV  
  14  1:04  Barracks  
  14  1:07  Refinery  
  14  1:14  SCV  
  15  1:20  Refinery  
  15  1:26  SCV  
  16  1:38  SCV  
  17  1:51  Reaper, Orbital Command  
  18  2:08  Factory  
  18  2:12  Supply Depot  
  18  2:19  SCV  
  19  2:27  Barracks Reactor  
  19  2:31  SCV  
  20  2:43  SCV  
  21  2:49  Command Center  
  21  2:53  Hellion  
  23  3:03  Reaper  
  23  3:04  Reaper, Supply Depot  
  25  3:12  SCV  
  26  3:19  Hellion  
  27  3:24  SCV  
  28  3:36  SCV, Starport  
  28  3:48  Marine x2  
  28  3:51  Factory Tech Lab  
  28  3:53  SCV  
  31  3:55  Supply Depot  
  31  4:05  SCV  
  32  4:10  Marine x2, Cyclone  
  37  4:22  Starport Tech Lab  
  37  4:23  SCV  
  38  4:37  Marine x2  
  39  4:39  SCV  
  39  4:42  Raven  
  39  4:44  Orbital Command  
  42  4:46  Refinery  
  42  4:51  SCV  
  43  4:55  Marine x2  
  43  4:57  Siege Tank  
  48  5:03  SCV  
  49  5:12  Marine  
  49  5:13  Marine  
  51  5:15  SCV x2  
  51  5:19  Supply Depot  
  51  5:21  Raven  
  55  5:28  Interference Matrix  
  55  5:29  SCV  
  55  5:30  Marine x2  
  58  5:39  Barracks  
  58  5:45  Barracks, SCV  
  58  5:46  SCV  
  60  5:55  Supply Depot  
  60  5:56  Raven  
  62  5:57  SCV  
  62  5:58  SCV  
  62  6:00  Supply Depot  
  64  6:10  SCV x2  
  66  6:16  Engineering Bay, Siege Tank  
  69  6:19  Supply Depot  
  69  6:23  Marine x2  
  71  6:29  Barracks Tech Lab  
  71  6:39  Starport Reactor  
  71  6:40  Marine  
  71  6:41  Marine x2  
  71  6:43  Stimpack  
  72  6:52  Marine, Combat Shield  
  73  6:58  Marine x3  
  73  7:01  Siege Tank  
  79  7:03  Terran Infantry Weapons Level 1, Refinery  
  79  7:04  SCV x2  
  81  7:09  Marine  
  82  7:16  Marine x3  
  82  7:21  Medivac  
  87  7:24  Medivac  
  87  7:26  SCV  
  90  7:33  SCV, Command Center, Supply Depot  
  91  7:39  SCV  
  91  7:40  Marine x3  
  91  7:41  Marine  
  96  7:46  SCV  
  96  7:51  SCV  
  98  7:55  Siege Tank  
  99  8:07  Marine x2  
  99  8:08  Marine x2  
  99  8:10  Medivac  
  99  8:11  SCV  
  106  8:21  Supply Depot, SCV  
  106  8:23  Medivac, SCV  
  108  8:31  Marine  
  108  8:32  Marine x3  
  108  8:33  SCV  
  103  8:55  Medivac, Siege Tank  
  103  8:56  Medivac  
  103  8:57  Terran Infantry Armor Level 1  
  106  9:07  Marine x4  
  104  9:24  Marine  
  104  9:25  Marine x3  
  97  9:37  Medivac x2, Siege Tank  
  104  9:41  Barracks  
  104  9:42  Marine x2  
  104  9:43  Marine  
  104  9:45  Barracks, SCV x2  
  109  9:49  Armory, Orbital Command  
  109  9:51  Engineering Bay  
  109  9:57  SCV x2  
  109  9:59  Marine  
  112  10:00  Marine x3  
  115  10:07  Medivac  
  115  10:09  SCV x2, Siege Tank  
  122  10:15  Concussive Shells  
  122  10:17  Marauder  
  122  10:18  Marine x2  
  122  10:19  Marauder  
  122  10:20  SCV  
  129  10:21  SCV x2, Supply Depot  
  131  10:32  Barracks Reactor x2  
  131  10:33  SCV  
  131  10:35  SCV x2  
  134  10:39  Factory  
  134  10:43  Siege Tank  
  134  10:45  Marauder x2, SCV  
  134  10:48  Supply Depot  
  134  10:49  SCV  
  143  10:50  Supply Depot  
  143  11:09  Marine x2  
  143  11:10  SCV x2, Marauder x2  
  149  11:18  Marine x3  
  149  11:19  Terran Infantry Weapons Level 2  
  149  11:23  Terran Vehicle Weapons Level 1, Engineering Bay  
  152  11:25  Factory Tech Lab  
  152  11:31  Marauder x2  
  150  11:39  Siege Tank, Medivac x2  
  157  11:40  Marine x2  
  159  11:48  Supply Depot  
  159  11:50  Terran Infantry Armor Level 2  
  159  11:54  Refinery  
  159  11:55  Refinery  
  159  12:01  Marauder  
  159  12:05  Command Center  
  159  12:09  Marine x2  
  159  12:10  Marine, Siege Tank, Marauder  
  167  12:15  Marine x3  
  167  12:21  Barracks x2  
  167  12:22  Marauder  
  162  12:23  Barracks  
  162  12:27  Marine x3  
  165  12:31  Marauder  
  165  12:34  Siege Tank  
  165  12:35  Marine x2, Liberator  
  167  12:39  Liberator  
  150  12:57  Siege Tank  
  141  12:59  Marine x2, Marauder x2  
  141  13:00  Marine x4  
  151  13:06  Siege Tank  
  151  13:08  SCV x3  
  151  13:11  Barracks Tech Lab  
  151  13:12  Supply Depot x2  
  157  13:14  Barracks Tech Lab  
  157  13:15  Barracks Reactor  
  157  13:17  Marine  
  157  13:18  Medivac  
  160  13:41  Marauder x4, Marine x2  
  168  13:42  Marine x4  
  174  13:51  Orbital Command  
  174  13:55  Marine x2  
  176  13:57  Terran Vehicle Weapons Level 2  
  176  13:59  Marine  
  176  14:02  Smart Servos, Marauder  
  179  14:03  Armory  
  178  14:17  Marine x3, Marauder x3  
  134  14:54  Siege Tank, Liberator x2  
  134  14:59  Marauder  
  134  15:00  SCV x4  
  134  15:04  Missile Turret  
  134  15:07  Missile Turret  
  134  15:10  Missile Turret  
  134  15:13  Siege Tank  
  133  15:14  Missile Turret  
  133  15:16  Missile Turret  
  131  15:26  Siege Tank  
  122  15:55  SCV x3  
  122  15:56  Marine x4, Marauder x2  
  133  16:04  SCV  
  133  16:07  Medivac x2, SCV x2  
  140  16:21  SCV x3  
  140  16:22  SCV  
  130  16:36  SCV x3  
  131  16:42  Medivac x2  
  131  16:43  SCV  
  136  16:48  SCV x3  
  139  16:55  Starport  
  139  16:56  Starport, Terran Ship Weapons Level 1, Terran Vehicle And Ship Armor Level 1  
  139  17:19  Marine x7, Marauder x4  
  139  17:20  Siege Tank x2  
  139  17:21  Medivac x2  
  142  17:53  Marauder x4, Marine x5  
  142  17:54  Marine x2  
  157  18:11  Marine x4  
  157  18:12  Marine  
  162  18:14  Marauder x2  
  162  18:15  Marauder x2  
  167  18:34  Marine x2  
  167  18:35  Marine x5  
  167  18:36  Marauder x4  
  182  18:50  Marine  
  182  18:52  Marine x2  
  182  18:55  Starport Reactor  
  182  18:56  Starport Reactor  
  170  19:12  Command Center  
Tags
 
Composition
Mech
League
Master
Matchup
TvT
Race
Terran
Replay Pack
RipNHammer
Spawn Locations
Close Positions
Add a new tag
Caveats
  • Supply blocks, unpowered buildings, or Contaminate may cause inaccurate times.
  • Supply counts are checked every 10 seconds.